 Dungeon Sprint DCSS version 0.29.1-12-g30fa7ad0bf (webtiles) character file.

Game seed: 1403060910570760182

4930 Groucho the Unseen (level 10, -21/46 HPs)
             Began as a Spriggan Enchanter on Dec 28, 2022.
             Was an Elder of Dithmenos.
             Killed from afar by a crystal guardian (49 damage)
             ... with a crystal bolt
             ... in the Dungeon (Sprint II: "The Violet Keep of Menkaure").
             The game lasted 00:08:25 (1818 turns).

Groucho the Unseen (Spriggan Enchanter)             Turns: 1818, Time: 00:08:25

Health: -21/46     AC:  4    Str:  8    XL:     10   Next: 27%
Magic:  19/27      EV: 19    Int: 16    God:    Dithmenos [****..]
Gold:   287        SH:  0    Dex: 17    Spells: 16/33 levels left

rFire   . . .      SeeInvis +   a - +1 dagger
rCold   . . .      Faith    .   (no shield)
rNeg    . . .      Spirit   .   f - +2 robe of the Sun {Rampage}
rPois   .          Reflect  .   (helmet restricted)
rElec   .          Harm     .   (no cloak)
rCorr   .          Rampage  +   (gloves unavailable)
Will    +....      NoTele   +   (boots unavailable)
Stlth   +++++++++.              (no amulet)
HPRegen 0.15/turn               c - ring of flight
MPRegen 0.20/turn               (no ring)

@: mighty, flying, wreathed by umbra, very quick
A: very small, no large weapons, unfitting armour, see invisible, speed 3
a: Renounce Religion, Shadow Step


You were in the Dungeon.
You worshipped Dithmenos.
Dithmenos was greatly pleased with you.
You visited 1 branch You collected 1215 gold pieces.
You spent 928 gold pieces at shops.

Inventory:

Hand Weapons
 a - a +1 dagger (weapon)
 k - a +3 short sword of freezing
Armour
 b - a +0 robe
 f - the +2 robe of the Sun (worn) {Rampage}
   (You bought it in a shop in the Dungeon)

   Rampage:   It bestows one free step when moving towards enemies.
Jewellery
 c - a ring of flight (left hand)
Potions
 g - 2 potions of magic


   Skills:
 * Level 2.0 Fighting
 - Level 10.0 Short Blades
 * Level 4.4 Dodging
 - Level 16.0 Stealth
 + Level 12.2 Spellcasting
 * Level 9.2 Conjurations
 + Level 12.4 Hexes
 * Level 8.1 Earth Magic


You had 16 spell levels left.
You knew the following spells:

 Your Spells              Type           Power      Damage    Failure   Level
a - Ensorcelled Hibernat  Hex/Ice        58%        N/A       1%          2
b - Confusing Touch       Hex            49%        N/A       1%          3
c - Dazzling Flash        Conj/Hex       88%        N/A       1%          3
d - Tukima's Dance        Hex            49%        N/A       1%          3
e - Stone Arrow           Conj/Erth      74%        3d11      1%          3
f - Passwall              Tmut/Erth      18%        N/A       1%          2
g - Sandblast             Erth           70%        2d15      1%          1

Your spell library contained the following spells:

 Spells                   Type           Power      Damage    Failure   Level


Dungeon Overview and Level Annotations

Branches:
Dungeon (1/1)

Altars:
Cheibriados
Dithmenos
Elyvilon
Fedhas
Gozag
Hepliaklqana
Kikubaaqudgha
Makhleb
Nemelex Xobeh
Okawaru
Qazlal
Ru
Sif Muna
Trog
Uskayaw
Vehumet
Wu Jian
Xom
Yredelemnul
Zin
The Shining One
Jiyva
Lugonu

Shops:
D ::?!!=:=[[!(([=

Annotations:
D exclusion: oklob plant


Innate Abilities, Weirdness & Mutations

You are very small and have problems with some larger weapons.
You are too small for most types of armour.
You have supernaturally acute eyesight. (SInv)
You cover ground extremely quickly. (Speed+++)


Message History

Aim: a crystal guardian (umbra, 100% to hit)
The stone arrow hits the crystal guardian.
The crystal guardian is lightly damaged.
Casting: Stone Arrow (safe; 1% risk of failure)
Confirm with . or Enter, or press ? or * to list all spells.
Aiming: Stone Arrow (safe; 1% risk of failure)
Press: ? - help, Shift-Dir - straight line, f/p - crystal guardian
Aim: a crystal guardian (lightly damaged, umbra, 100% to hit)
The stone arrow hits the crystal guardian!
The crystal guardian is lightly damaged.
The crystal guardian fires a crystalline bolt at you.
The crystal bolt freezes you!!
Ouch! That really hurt!
You emit a cloud of dark smoke.
Unknown command.
You feel better.
Casting: Stone Arrow (safe; 1% risk of failure)
Confirm with . or Enter, or press ? or * to list all spells.
Aiming: Stone Arrow (safe; 1% risk of failure)
Press: ? - help, Shift-Dir - straight line, f/p - crystal guardian
Aim: a crystal guardian (lightly damaged, umbra, 100% to hit)
The stone arrow hits the crystal guardian.
The crystal guardian is moderately damaged.
Unknown command.
Unknown command.
You feel very mighty all of a sudden.
The crystal guardian fires a crystalline bolt at you.
The crystal bolt misses you.
You hit the crystal guardian.
The crystal guardian is moderately damaged.
Your shadow hits the crystal guardian but does no damage.
The crystal guardian misses you.
You puncture the crystal guardian!
The crystal guardian is heavily damaged.
You hit the crystal guardian but do no damage.
The crystal guardian is heavily damaged.
The crystal guardian fires a crystalline bolt at you.
The crystal bolt burns you!!!
Ouch! That really hurt!
You die...

#†.'....#§§# ..#††####.#§÷#
##.####..'.##.# ###.#
...#.÷#...#### $
.#.####..#####..##)#▓($($[$
#'###.##..# +^.#††#▓$!?[!(
#.###..#..# #§.#††#▓(=!($$
.<.'.##'..####§9##.#▓:!$=!)
#.###..#.§..###§@§##▓▓▓▓▓▓▓
#'###.##....§.~§§§§~~~~~~~~
...####~~..§..§#+########+#
.#..#~~~~~~~..~#_._._...#S~
.#.##~~~~~§§~.~#._._._._#~~
#+##~~~≈§§~~~~~#_._._._.#§~
~~~~~~§≈≈§~~~#._._._._#§§
+++#~≈§≈≈§§§~#.._._._.#~~
##≈≈≈###≈≈#..._._._#~§


You could see a crystal guardian.

Vanquished Creatures
  A deep elf master archer (D)
  A death drake (D)
  A yaktaur (D)
  A hornet (D)
  3 polar bears (D)
  2 wyverns (D)
  4 neqoxecs (D)
  4 water moccasins (D)
  2 swamp drakes (D)
  3 black bears (D)
  4 necrophages (D)
  4 scorpions (D)
30 creatures vanquished.

Vanquished Creatures (others)
  Menkaure (D)
  A water moccasin (D)
2 creatures vanquished.

Grand Total: 32 creatures vanquished

Notes
Turn   | Place    | Note
-------+----------+-------------------------------------------
     0 | D        | Groucho the Spriggan Enchanter began the quest for the Orb.
     0 | D        | Reached XP level 1. HP: 9/9 MP: 5/5
     3 | D        | Noticed a neqoxec
     3 | D        | Noticed a neqoxec
     3 | D        | Noticed a neqoxec
     3 | D        | Noticed a neqoxec
     7 | D        | Noticed a wyvern
     7 | D        | Noticed a wyvern
    10 | D        | Noticed a scorpion
    10 | D        | Noticed a scorpion
    12 | D        | Noticed a scorpion
    12 | D        | Noticed a scorpion
    19 | D        | Killed a scorpion
    20 | D        | Reached skill level 8 in Stealth
    20 | D        | Reached skill level 5 in Hexes
    20 | D        | Reached XP level 2. HP: 12/13 MP: 5/8
    20 | D        | Reached XP level 3. HP: 15/16 MP: 6/10
    24 | D        | Killed a scorpion
    25 | D        | Reached skill level 10 in Stealth
    25 | D        | Reached skill level 5 in Spellcasting
    25 | D        | Reached XP level 4. HP: 14/21 MP: 6/12
    32 | D        | Killed a scorpion
    33 | D        | Reached skill level 5 in Short Blades
    33 | D        | Reached skill level 11 in Stealth
    33 | D        | Reached XP level 5. HP: 12/24 MP: 6/14
    37 | D        | Reached skill level 12 in Stealth
    44 | D        | Learned a level 2 spell: Ensorcelled Hibernation
    48 | D        | Learned a level 3 spell: Confusing Touch
    52 | D        | Learned a level 3 spell: Dazzling Flash
    56 | D        | Learned a level 3 spell: Tukima's Dance
   234 | D        | Killed Menkaure
   466 | D        | Killed a neqoxec
   467 | D        | Reached skill level 13 in Stealth
   467 | D        | Reached XP level 6. HP: 28/28 MP: 15/17
   468 | D        | Killed a neqoxec
   469 | D        | Reached skill level 14 in Stealth
   469 | D        | Killed a neqoxec
   470 | D        | Reached XP level 7. HP: 32/32 MP: 15/19
   472 | D        | Killed a neqoxec
   473 | D        | Reached skill level 15 in Stealth
   479 | D        | Killed a wyvern
   482 | D        | Killed a wyvern
   483 | D        | Reached skill level 16 in Stealth
   483 | D        | Reached skill level 5 in Conjurations
   483 | D        | Reached XP level 8. HP: 36/36 MP: 17/22
   522 | D        | Found Biakk's Weapon Boutique.
   522 | D        | Found Hogal's Antique Armour Boutique.
   522 | D        | Found Hoenuw's Distillery.
   523 | D        | Found Ycih's Jewellery Shop.
   523 | D        | Found Ahokkuti's Antique Armour Shop.
   523 | D        | Found Bomputew's Antique Armour Boutique.
   523 | D        | Found Jybo's Jewellery Shop.
   523 | D        | Found Ipheaf's Book Boutique.
   524 | D        | Found Wafic's Antique Weapon Shop.
   524 | D        | Found Fagolayt's Jewellery Boutique.
   524 | D        | Found Qiofeott's Distillery.
   524 | D        | Noticed a cane toad
   530 | D        | Reached skill level 10 in Hexes
   907 | D        | Noticed a cane toad
   908 | D        | Found Xytytzi's Distillery.
   908 | D        | Found Ohefegg's Magic Scroll Shop.
   908 | D        | Noticed an oklob plant
   908 | D        | Noticed an ice dragon
   909 | D        | Found Sithrivvu's Book Shoppe.
   909 | D        | Found Jibisch's Book Boutique.
   923 | D        | Bought a book of Geomancy for 252 gold pieces
   927 | D        | Learned a level 3 spell: Stone Arrow
   930 | D        | Learned a level 2 spell: Passwall
   932 | D        | Learned a level 1 spell: Sandblast
   954 | D        | Bought a ring of flight for 210 gold pieces
   964 | D        | Bought a brightly glowing robe for 148 gold pieces
   964 | D        | Identified the +2 robe of the Sun {Rampage} (You bought it
                  | in a shop in the Dungeon)
   981 | D        | Noticed a great orb of eyes
   992 | D        | Bought a potion of invisibility for 112 gold pieces
   998 | D        | Bought a potion of might for 44 gold pieces
  1014 | D        | Bought a glowing short sword for 162 gold pieces
  1035 | D        | Found an iron altar of Okawaru.
  1035 | D        | Found an opulent altar of Gozag.
  1036 | D        | Found a sparkling altar of Nemelex Xobeh.
  1036 | D        | Found a blossoming altar of Fedhas.
  1037 | D        | Found a radiant altar of Vehumet.
  1037 | D        | Found a burning altar of Makhleb.
  1037 | D        | Found a white marble altar of Elyvilon.
  1041 | D        | Found a corrupted altar of Lugonu.
  1041 | D        | Found a shadowy altar of Dithmenos.
  1041 | D        | Found a hide-covered altar of Uskayaw.
  1042 | D        | Found an ancient bone altar of Kikubaaqudgha.
  1042 | D        | Found a bloodstained altar of Trog.
  1042 | D        | Found a snail-covered altar of Cheibriados.
  1042 | D        | Found a glowing silver altar of Zin.
  1043 | D        | Found a viscous altar of Jiyva.
  1043 | D        | Found a shimmering blue altar of Sif Muna.
  1043 | D        | Found a basalt altar of Yredelemnul.
  1048 | D        | Found a sacrificial altar of Ru.
  1048 | D        | Found a stormy altar of Qazlal.
  1048 | D        | Found an ornate altar of the Wu Jian Council.
  1048 | D        | Found a hazy altar of Hepliaklqana.
  1048 | D        | Found a shimmering altar of Xom.
  1048 | D        | Found a glowing golden altar of the Shining One.
  1052 | D        | Became a worshipper of Dithmenos the Shadowed
  1152 | D        | Noticed a yaktaur
  1152 | D        | Noticed a hornet
  1152 | D        | Noticed a polar bear
  1153 | D        | Noticed a polar bear
  1153 | D        | Noticed a polar bear
  1154 | D        | Killed a polar bear
  1155 | D        | Reached skill level 10 in Spellcasting
  1155 | D        | Killed a polar bear
  1156 | D        | Killed a hornet
  1156 | D        | Reached * piety under Dithmenos
  1157 | D        | Reached XP level 9. HP: 39/39 MP: 21/24
  1157 | D        | Killed a polar bear
  1158 | D        | Killed a yaktaur
  1159 | D        | Reached skill level 5 in Earth Magic
  1173 | D        | Noticed a deep elf master archer
  1180 | D        | Killed a deep elf master archer
  1180 | D        | Reached ** piety under Dithmenos
  1181 | D        | Reached skill level 10 in Short Blades
  1190 | D        | Reached XP level 10. HP: 44/44 MP: 26/26
  1198 | D        | Reached *** piety under Dithmenos
  1449 | D        | Noticed a death drake
  1450 | D        | Noticed a death drake
  1450 | D        | Noticed a crystal guardian
  1452 | D        | Killed a death drake
  1452 | D        | Reached **** piety under Dithmenos
  1453 | D        | Reached skill level 1 in Fighting
  1457 | D        | HP: 2/46 [something (5)]
  1818 | D        | Killed from afar by a crystal guardian

Illustrated notes

Levels and vault maps discovered:
D:        the_violet_keep_of_menkaure [sprint2_stairs_cluster_1,
          sprint2_shoproom, sprint2_temple, sprint2_basic_supplies,
          sprint2_obstacle_5, sprint2_obstacle_4, sprint2_obstacle_3,
          sprint2_obstacle_7, sprint2_obstacle_6, sprint2_timed_cluster_1,
          sprint2_smallroom_cluster_1, sprint2_smallroom_final_cluster_1,
          sprint2_transparent_cluster_1, sprint2_second_timed_cluster_1,
          sprint2_sniper_area_1, sprint2_heavy_combat_area_1,
          sprint2_mutation_trap_area_1, sprint2_forest_area_1,
          sprint2_light_combat_area_1, sprint2_behind_water_1,
          sprint2_near_end_vault_1]

Skill      XL: |  1  2  3  4  5  6  7  8  9 10 |
---------------+-------------------------------+-----
Short Blades   | 3 4 5 6 7 8 9 10 | 10.0
Stealth        | 8 10 11 13 14 16 | 16.0
Spellcasting   | 4 5 6 7 8 9 10 11 12 | 12.2
Hexes          | 5 6 8 9 10 12 | 12.4
Conjurations   | 2 3 5 6 8 9 |  9.2
Earth Magic    | 3 7 8 |  8.1
Dodging        | 4 |  4.4
Fighting       | 2 |  2.0

Action                   |  1- 3 |  4- 6 |  7- 9 | 10-12 || total
-------------------------+-------+-------+-------+-------++-------
Melee: Dagger            |    10 |    14 |    16 |    20 ||    60
       Punch             |       |       |       |     1 ||     1
 Cast: Passwall          |       |       |     2 |       ||     2
       Ensorcelled Hiber |       |       |     2 |       ||     2
       Stone Arrow       |       |       |       |     3 ||     3
  Use: Potion            |     3 |     1 |     1 |     3 ||     8
       Scroll            |       |       |       |     1 ||     1
 Stab: Sleeping          |       |     3 |    16 |     4 ||    23
       Invisible         |       |       |       |     3 ||     3
Armor: Robe              |       |     1 |       |       ||     1
Dodge: Dodged            |     6 |     7 |     2 |     8 ||    23
